 Dungeon Crawl Stone Soup version 0.18-a0-1526-gcb34c7c (webtiles) character file.

5436 lorenzova the Jinx (level 10, -13/44 HPs)
             Began as a Spriggan Enchanter on Mar 8, 2016.
             Was an Elder of Dithmenos.
             Killed from afar by utis's ghost (16 damage)
             ... with a stone arrow
             ... on level 9 of the Dungeon.
             The game lasted 00:28:02 (12488 turns).

lorenzova the Jinx (Spriggan Enchanter)            Turns: 12488, Time: 00:28:02

Health: -13/44     AC: 10    Str:  5    XL:     10   Next: 41%
Magic:  6/26       EV:  4    Int: 16    God:    Dithmenos [****..]
Gold:   588        SH:  0    Dex: 20    Spells: 5 memorised, 20 levels left

rFire  . . .     SeeInvis +     a - +1 dagger
rCold  . . .     Gourm    .     b - +1 robe
rNeg   + + +     Faith    .     (shield restricted)
rPois  ∞         Spirit   .     (helmet restricted)
rElec  .         Dismiss  .     k - +1 cloak
rCorr  .         Reflect  .     (gloves unavailable)
SustAt .         Harm     .     (boots unavailable)
MR     +....                    (no amulet)
Stlth  +++++++++.               L - ring of poison resistance (curse)
                                G - +5 ring of protection (curse)

@: petrified, wreathed by umbra, very quick, somewhat resistant to hostile
enchantments, incredibly stealthy
A: unfitting armour, see invisible, herbivore 3, speed 3, slow metabolism 2
a: Shadow Step, Renounce Religion


You were on level 9 of the Dungeon.
You worshipped Dithmenos.
Dithmenos was greatly pleased with you.
You were not hungry.

You visited 2 branches of the dungeon, and saw 10 of its levels.
You also visited: Ossuary.

You collected 588 gold pieces.

Inventory:

Hand Weapons
 a - a +1 dagger (weapon)
Armour
 b - a +1 robe (worn)
 k - a +1 cloak (worn)
Jewellery
 G - a cursed +5 ring of protection (left hand)
 L - a cursed ring of poison resistance (right hand)
 M - an uncursed ring of resist corrosion {unknown}
Wands
 y - a wand of paralysis (6/24)
 N - a wand of lightning (7/15)
Scrolls
 e - 4 scrolls of fog {unknown}
 g - 2 scrolls of recharging {unknown}
 h - a scroll of magic mapping {unknown}
 j - 3 scrolls of teleportation {unknown}
 l - 2 scrolls of noise {unknown}
 m - 4 scrolls of random uselessness {unknown}
 n - 7 scrolls of remove curse {unknown}
 r - 6 scrolls of fear
 t - 2 scrolls of amnesia {unknown}
 D - a scroll of blinking {unknown}
 E - 6 scrolls of identify
 H - a scroll of enchant armour {unknown}
 J - a scroll of immolation {unknown}
Potions
 f - 5 potions of degeneration
 i - 2 potions of heal wounds
 p - a potion of agility
 s - 2 potions of lignification {unknown}
 u - 3 potions of mutation
 v - 2 potions of invisibility {unknown}
 w - 2 potions of cure mutation
 x - 2 potions of haste
 z - a potion of flight {unknown}
 A - a potion of ambrosia
 B - 4 potions of resistance
 C - 2 potions of curing {unknown}
Books
 c - a book of Maledictions

   Spells                             Type                      Level
   a - Corona                         Hexes                        1
   b - Ensorcelled Hibernation        Hexes/Ice                    2
   c - Confuse                        Hexes                        3
   d - Tukima's Dance                 Hexes                        3
   e - Dazzling Spray                 Conjuration/Hexes            3
 q - a book of Dreams

   Spells                             Type                      Level
   a - Ensorcelled Hibernation        Hexes/Ice                    2
   b - Silence                        Hexes/Air                    5
   c - Darkness                       Hexes                        6
   d - Shadow Creatures               Summoning                    6
 F - a book of Conjurations

   Spells                             Type                      Level
   a - Magic Dart                     Conjuration                  1
   b - Searing Ray                    Conjuration                  2
   c - Dazzling Spray                 Conjuration/Hexes            3
   d - Fulminant Prism                Conjuration/Hexes            4
   e - Iskenderun's Mystic Blast      Conjuration                  4
   f - Iskenderun's Battlesphere      Conjuration/Charms           5
 I - a book of Hinderance

   Spells                             Type                      Level
   a - Confusing Touch                Hexes                        2
   b - Confuse                        Hexes                        3
   c - Gell's Gravitas                Hexes/Translocation          3
   d - Petrify                        Transmutation/Earth          4
   e - Metabolic Englaciation         Hexes/Ice                    5
   f - Yara's Violent Unravelling     Hexes/Transmutation          5
 K - a book of Alchemy

   Spells                             Type                      Level
   a - Sublimation of Blood           Necromancy                   2
   b - Ignite Poison                  Fire/Transmutation/Poison    3
   c - Petrify                        Transmutation/Earth          4
   d - Alistair's Intoxication        Transmutation/Poison         5
   e - Irradiate                      Conjuration/Transmutation    5
Comestibles
 d - 3 bread rations
 o - a slice of pizza


   Skills:
 * Level 3.3 Short Blades
 * Level 4.2 Dodging
 + Level 11.4 Stealth
 - Level 11.5 Spellcasting
 - Level 11.7 Hexes


You had 20 spell levels left.
You knew the following spells:

 Your Spells              Type           Power        Failure   Level  Hunger
a - Corona                Hex            #####..      1%          1    None
b - Ensorcelled Hibernat  Hex/Ice        ####..       1%          2    None
c - Confuse               Hex            #####...     1%          3    None
d - Dazzling Spray        Conj/Hex       ####....     1%          3    None
e - Gell's Gravitas       Hex/Tloc       ####......   1%          3    None


Dungeon Overview and Level Annotations

Branches:
Dungeon (9/15)             Temple (1/1) D:4             Orc (0/2) D:9
   Lair: D:8-11

Altars:
Ashenzari
Cheibriados
Dithmenos
Elyvilon
Fedhas
Gozag
Kikubaaqudgha
Makhleb
Nemelex Xobeh
Okawaru
Pakellas
Qazlal
Ru
Sif Muna
Trog
Vehumet
Yredelemnul
Zin

Shops:
D:4 }

Annotations:
D:9 utis's ghost, novice DEEE


Innate Abilities, Weirdness & Mutations

You are tiny and cannot use many weapons and most armour.
You have supernaturally acute eyesight.
You are a herbivore.
You cover ground extremely quickly.
You need consume almost no food.


Message History

Utis's ghost wails.
Drink which item? (? for menu, Esc to quit)
It was a potion of mutation.
You feel extremely strange.
You feel the urge to shout. A pair of horns grows on your head!
You feel resistant to heat.
Utis's ghost gestures at you while chanting.
The stone arrow misses you.
Drink which item? (? for menu, Esc to quit)
It was a potion of cure mutation.
It has a very clean taste.
The horns on your head shrink away.
Your urge to shout disappears.
You no longer feel heat resistant.
Utis's ghost gestures at you while chanting.
You resist with almost no effort.
Utis's ghost gestures at you while chanting.
You are slowing down.
Your limbs are stiffening.
You have turned to stone.
Utis's ghost gestures at you while chanting.
The stone arrow hits you!
You die...

#..........#
##........#
######..##
##.## ##..###
#.....###
#.##....###
#### #.
###....##
#..## ..
###..@###...##
#.#
###....W...##
#.
####......##
#.......##
#........##
#.........#
##...........#
##.........#..
####........


You could see utis's ghost.

Vanquished Creatures
  The ghost of Galewind the Covert, a novice SpEn (D:7)
  A troll (D:9)
  Prince Ribbit (D:5)
  Sigmund (D:5)
  2 hippogriffs
  A hungry ghost (D:8)
  Menkaure (D:5)
  4 ice beasts
  2 orc warriors
  A sky beast (D:7)
  A black bear (D:7)
  A necrophage (D:6)
  8 ogres
  3 centaurs
  2 big kobolds (D:8)
  An elf zombie (Ossuary)
  4 giant frogs
  A gnoll sergeant (D:9)
  2 scorpions
  4 howler monkeys
  A crimson imp (D:9)
  6 centaur zombies
  2 centaur skeletons
  4 gnoll shamans (D:8)
  5 hounds
  5 orc priests
  9 orc wizards
  4 iguanas
  7 worker ants
  A big kobold zombie (Ossuary)
  A hound skeleton (D:5)
  7 mummies (Ossuary)
  A worker ant zombie (D:5)
  18 gnolls
  2 adders
  An ooze (D:1)
  4 adder zombies
  An adder skeleton (D:8)
  3 worms
  A dart slug (D:2)
  4 giant geckos
  35 orcs
  7 giant cockroaches
  10 goblins
  9 hobgoblins
  4 jackals (D:2)
  10 kobolds
  6 quokkas
  2 ball pythons (D:2)
  9 bats
  3 giant newts
  5 goblin zombies (Ossuary)
  2 hobgoblin zombies (Ossuary)
  A jackal skeleton (D:5)
  A jackal zombie (D:8)
  5 kobold zombies (Ossuary)
  A quokka skeleton (D:4)
  8 quokka zombies
  6 rats
  2 rat zombies
255 creatures vanquished.

Vanquished Creatures (others)
  6 fungi (D:8)
  5 plants (D:8)
11 creatures vanquished.

Grand Total: 266 creatures vanquished

Notes
Turn   | Place    | Note
--------------------------------------------------------------
     0 | D:1      | lorenzova the Spriggan Enchanter began the quest for the Orb.
     0 | D:1      | Reached XP level 1. HP: 9/9 MP: 5/5
   492 | D:1      | Reached XP level 2. HP: 13/13 MP: 7/7
   895 | D:1      | Learned a level 2 spell: Ensorcelled Hibernation
  1131 | D:2      | Reached XP level 3. HP: 16/16 MP: 6/9
  1484 | D:2      | Reached skill level 5 in Stealth
  2180 | D:3      | Reached XP level 4. HP: 21/21 MP: 11/11
  2827 | D:4      | Found a staircase to the Ecumenical Temple.
  2840 | Temple   | Entered the Ecumenical Temple
  2952 | Temple   | Became a worshipper of Dithmenos the Shadowed
  3084 | D:4      | Reached skill level 5 in Hexes
  3084 | D:4      | Reached XP level 5. HP: 24/24 MP: 12/12
  3171 | D:3      | Learned a level 3 spell: Confuse
  3442 | D:4      | Found a shattered altar of Ashenzari.
  3445 | D:4      | Found a white marble altar of Elyvilon.
  3507 | D:4      | Found Wiom's Gadget Emporium.
  3525 | D:4      | Reached skill level 5 in Spellcasting
  3839 | D:4      | Reached * piety under Dithmenos
  3891 | D:5      | Entered Level 5 of the Dungeon
  3974 | D:5      | Noticed Sigmund
  3985 | D:5      | Noticed Menkaure
  4003 | D:5      | Killed Menkaure
  4003 | D:5      | Reached XP level 6. HP: 26/28 MP: 11/15
  4160 | D:5      | Noticed Prince Ribbit
  4180 | D:5      | Killed Prince Ribbit
  4180 | D:5      | Reached XP level 7. HP: 19/32 MP: 13/17
  4279 | D:5      | Killed Sigmund
  4314 | D:5      | Found a sand-covered staircase.
  4421 | Ossuary  | Entered an ossuary
  4814 | Ossuary  | Reached ** piety under Dithmenos
  4903 | Ossuary  | Reached XP level 8. HP: 27/36 MP: 16/20
  5814 | D:5      | Found an oddly glowing altar of Pakellas.
  5955 | D:5      | Found a sacrificial altar of Ru.
  5958 | D:5      | Found a radiant altar of Vehumet.
  5961 | D:5      | Found a blossoming altar of Fedhas.
  6804 | D:6      | Reached *** piety under Dithmenos
  7054 | D:6      | Reached XP level 9. HP: 39/39 MP: 23/23
  7206 | D:7      | Learned a level 3 spell: Dazzling Spray
  7404 | D:7      | Reached skill level 10 in Hexes
  7452 | D:7      | Noticed Galewind's ghost (novice SpEn)
  7465 | D:7      | Killed Galewind's ghost
  8142 | D:7      | Reached skill level 10 in Spellcasting
  8555 | D:8      | Reached skill level 10 in Stealth
  9684 | D:8      | Reached XP level 10. HP: 39/44 MP: 7/26
 11344 | D:9      | Found a staircase to the Orcish Mines.
 11572 | D:9      | Reached **** piety under Dithmenos
 12323 | D:9      | Learned a level 3 spell: Gell's Gravitas
 12464 | D:9      | Noticed utis's ghost (novice DEEE)
 12472 | D:9      | HP: 1/44 [utis's ghost (18)]
 12477 | D:9      | Gained mutation: You occasionally shout uncontrollably at your foes. [potion of mutation]
 12477 | D:9      | Gained mutation: You have a pair of small horns on your head. [potion of mutation]
 12477 | D:9      | Gained mutation: Your flesh is heat resistant. [potion of mutation]
 12478 | D:9      | Lost mutation: You have a pair of small horns on your head. [potion of cure mutation]
 12478 | D:9      | Lost mutation: You occasionally shout uncontrollably at your foes. [potion of cure mutation]
 12478 | D:9      | Lost mutation: Your flesh is heat resistant. [potion of cure mutation]
 12488 | D:9      | Killed from afar by utis's ghost

Vault maps used:
D:1:      ncdulo_halloftheorcs, serial_bayou_lagoon_b
D:2:      first_bread
D:4:      corexii_shack_village, grunt_temple_overflow_open,
          minmay_temple_entry_junction, serial_shops, shop_coins
D:5:      grunt_temple_overflow_cloverleaf, enter_ossuary_4, st_stairs_9,
          minmay_misc_feat_encased, uniq_sigmund, uniq_menkaure,
          uniq_prince_ribbit1
D:8:      kennysheep_seaside_town
D:9:      david_orc_2, serial_shops, shop_fountains
Temple:   chambers_temple_14
Ossuary:  ossuary_boxes_badplayer

Skill      XL: |  1  2  3  4  5  6  7  8  9 10 |
---------------+-------------------------------+-----
Spellcasting   | 3 4 5 6 7 9 11 | 11.5
Hexes          | 4 5 6 7 9 11 | 11.7
Stealth        | 5 6 7 9 10 11 | 11.4
Short Blades   | 3 |  3.3
Dodging        | 4 |  4.2

Action                   |  1- 3 |  4- 6 |  7- 9 | 10-12 || total
-------------------------+-------+-------+-------+-------++-------
Melee: Dagger            |   170 |   132 |   497 |   184 ||   983
 Cast: Corona            |     1 |       |       |       ||     1
       Ensorcelled Hiber |     5 |     8 |    28 |    36 ||    77
       Confuse           |       |     5 |    55 |    31 ||    91
       Dazzling Spray    |       |       |     3 |       ||     3
  Use: Scroll            |       |       |     7 |       ||     7
       Potion            |       |       |       |     2 ||     2
 Stab: Sleeping          |    12 |    28 |    62 |    27 ||   129
       Confused          |       |     4 |    30 |    19 ||    53
       Invisible         |       |       |     2 |       ||     2
       Distracted        |       |       |     1 |     1 ||     2
  Eat: Royal jelly       |       |     1 |     2 |     1 ||     4
       Fruit             |       |       |     1 |     2 ||     3
       Pizza             |       |       |       |     1 ||     1
